Map: Crête de Lerilak

Players

serlamp

  • Race: Terran Terran
  • League: Silver
  • Spawn Location: 1:00

zidar - Winner!

  • Race: Zerg Zerg
  • League: Silver
  • Spawn Location: 7:00

VOD

Have the link to the VOD?

Description

Time

  • Played on: Nov. 25, 2015, 4:03 p.m.
  • Length: 18:57
Show
View Real Time Build Order
Export as new Build Order

serlamp Terran 

Build Orders:  

Get SALT Encoding   

  12  0:03  SCV  
  13  0:15  SCV  
  14  0:29  Supply Depot, SCV  
  15  0:45  Refinery  
  15  0:51  SCV  
  16  0:59  Supply Depot  
  16  1:03  SCV  
  17  1:23  Barracks  
  17  1:31  Barracks  
  17  1:43  Barracks  
  17  1:49  SCV  
  18  2:01  SCV  
  19  2:12  Supply Depot  
  19  2:14  SCV  
  19  2:15  Barracks Tech Lab  
  20  2:21  Barracks  
  20  2:43  Marauder  
  22  2:50  Concussive Shells  
  22  2:59  Barracks Reactor  
  22  3:02  Bunker  
  22  3:05  Marauder  
  24  3:14  Refinery  
  24  3:25  Barracks Tech Lab  
  24  3:26  Marauder  
  20  4:01  Marine x2  
  22  4:09  Barracks  
  22  4:13  Barracks Tech Lab  
  22  4:18  Marine  
  22  4:19  Marine  
  22  4:22  Factory  
  24  4:25  SCV  
  25  4:36  Marine x2  
  25  4:37  SCV  
  28  4:44  Marauder  
  30  4:49  SCV  
  31  4:54  Marine x2  
  33  5:11  SCV  
  25  5:23  SCV  
  25  5:30  Marine x2  
  26  5:46  Supply Depot  
  26  5:48  Marine x2  
  28  5:54  Factory Tech Lab  
  28  5:56  Barracks Reactor  
  28  5:59  Marauder  
  30  6:06  Marine  
  30  6:07  Marine  
  32  6:17  Bunker  
  32  6:22  Siege Tank  
  35  6:34  Starport  
  35  7:37  Starport Reactor  
  35  7:55  Armory  
  35  7:59  SCV  
  35  8:01  Barracks Reactor  
  36  8:08  Barracks Tech Lab  
  36  8:11  SCV  
  37  8:17  Supply Depot  
  37  8:22  Marine x2  
  39  8:34  Engineering Bay  
  39  8:38  SCV, Medivac  
  42  8:55  SCV  
  43  9:07  SCV, Missile Turret  
  44  9:19  SCV  
  45  9:31  SCV  
  46  9:47  Supply Depot  
  46  9:55  Supply Depot  
  46  9:58  Missile Turret  
  46  10:08  Medivac  
  46  10:10  Medivac  
  50  10:22  Missile Turret  
  50  10:43  Neosteel Armor  
  50  10:51  Viking x2  
  54  11:01  Supply Depot  
  54  11:09  Orbital Command  
  54  11:43  Command Center  
  54  12:09  Thor  
  60  12:52  Thor  
  60  12:56  SCV  
  67  13:04  Refinery  
  67  13:08  SCV  
  68  13:20  SCV  
  68  13:24  Refinery  
  69  13:30  Terran Vehicle Weapons Level 1  
  69  13:32  SCV  
  70  13:44  SCV  
  71  13:49  Thor  
  77  13:59  SCV  
  78  14:11  SCV  
  79  14:36  Thor  
  85  14:45  SCV  
  86  14:57  SCV  
  85  15:09  SCV  
  86  15:15  Supply Depot  
  86  15:26  Terran Vehicle And Ship Armor Level 1  
  86  15:33  Supply Depot  
  86  15:37  SCV, Thor  
  93  15:45  Supply Depot  
  93  15:49  SCV  
  94  16:03  Armory  
  94  16:06  Viking x2  
  98  16:19  SCV  
  99  16:31  SCV  
  100  17:26  Command Center  
  101  17:30  SCV  
  101  17:42  SCV  
  102  17:44  Thor  
  108  17:54  SCV  
  108  17:55  Supply Depot  
  109  18:06  SCV  
  110  18:18  SCV  
  111  18:29  Refinery  
  111  18:30  Refinery  
Show
View Real Time Build Order
Export as new Build Order

zidar Zerg - Winner!

Build Orders: Hatch First, Zergling Baneling 

Get SALT Encoding   

  12  0:02  Drone  
  13  0:12  Overlord  
  13  0:17  Drone  
  13  0:21  Extractor  
  13  0:24  Drone  
  15  0:36  Drone x2  
  17  0:59  Hatchery  
  17  1:02  Drone  
  17  1:13  Spawning Pool  
  16  1:20  Drone  
  17  1:26  Drone  
  17  1:28  Overlord  
  17  1:31  Drone  
  19  1:48  Drone  
  19  1:53  Extractor  
  19  2:01  Queen  
  19  2:06  Drone  
  19  2:07  Drone  
  23  2:16  Overlord  
  23  2:18  Queen  
  25  2:26  Evolution Chamber  
  24  2:45  Zergling x2  
  24  2:46  Zergling x10  
  30  2:53  Metabolic Boost  
  29  3:21  Zergling x4  
  29  3:22  Zergling x14  
  38  3:34  Baneling Nest  
  35  4:11  Zergling x2  
  35  4:12  Zergling x14  
  43  4:36  Baneling  
  43  4:37  Baneling x8  
  43  4:49  Overlord x4  
  22  5:38  Lair  
  22  5:44  Extractor  
  22  5:46  Drone x7  
  28  6:11  Zerg Melee Weapons Level 1  
  28  6:18  Evolution Chamber  
  27  6:20  Drone x9  
  36  6:40  Centrifical Hooks  
  36  6:56  Extractor x2  
  36  7:00  Drone x4  
  38  7:09  Zerg Ground Armor Level 1  
  38  7:45  Hatchery  
  38  7:47  Overlord x2  
  38  7:51  Zergling x12  
  38  7:52  Zergling x18  
  52  8:00  Spire  
  52  8:03  Drone  
  52  8:11  Infestation Pit  
  52  8:12  Baneling  
  51  8:13  Baneling x9  
  51  8:18  Drone x4  
  55  8:23  Zerg Melee Weapons Level 2  
  55  8:38  Queen  
  55  8:39  Overseer  
  57  9:02  Pneumatized Carapace  
  57  9:07  Drone x10  
  57  9:08  Drone x5  
  72  9:16  Zerg Flyer Weapons Level 1  
  72  9:50  Hive  
  72  9:54  Zerg Ground Armor Level 2  
  72  10:30  Mutalisk  
  72  10:31  Mutalisk x7  
  88  10:35  Overlord  
  88  10:36  Overlord x2  
  88  10:40  Zergling x2  
  88  10:41  Zergling x2  
  90  10:55  Extractor  
  89  10:58  Extractor  
  89  11:02  Drone  
  89  11:03  Drone x4  
  94  11:04  Drone x3  
  94  11:05  Drone  
  94  11:09  Zerg Melee Weapons Level 3  
  97  11:21  Ultralisk Cavern  
  97  11:23  Zerg Flyer Weapons Level 2  
  96  11:28  Mutalisk  
  98  11:53  Drone x3  
  101  11:57  Mutalisk x3  
  101  11:58  Mutalisk  
  109  12:03  Zergling x10  
  109  12:06  Overlord  
  109  12:07  Overlord x5  
  114  12:17  Zerg Ground Armor Level 3  
  114  12:26  Chitinous Plating  
  114  13:09  Mutalisk  
  114  13:10  Mutalisk x6  
  128  13:16  Zergling x2  
  128  13:17  Zergling x10, Hatchery  
  133  13:24  Hatchery  
  132  13:34  Hatchery  
  132  13:38  Zergling x10  
  132  13:39  Zergling x10  
  141  13:43  Baneling  
  141  13:44  Baneling x8  
  141  13:45  Baneling x4  
  140  14:36  Drone x2  
  140  14:37  Drone x3  
  143  15:18  Overlord x5  
  143  15:19  Overlord x2  
  143  15:33  Extractor  
  143  15:35  Extractor  
  141  15:51  Viper  
  141  15:52  Viper x2  
  150  16:02  Adrenal Glands  
  150  16:04  Zerg Missile Weapons Level 1  
  150  16:07  Zerg Flyer Weapons Level 3  
  150  16:45  Zergling x4  
  150  16:46  Zergling x34  
  150  16:47  Zergling x28  
  183  17:39  Ultralisk x2  
  183  17:42  Zergling x2  
  183  17:43  Zergling x6  
Tags
 
Add a new tag
Caveats
  • Supply blocks, unpowered buildings, or Contaminate may cause inaccurate times.
  • Supply counts are checked every 10 seconds.